AoeStats
← hemba3d

MegaRandom

509188722Analyzed
2v2 RM · 5d ago on Sep 25, 2026· 54m 9s· 4 players
Game mode
Random Map
Map size
Medium (4 player)
Population
200
Speed
Normal
Resources
Standard
Victory
Conquest
Starting age
Dark Age
Ending age
Imperial Age
RankedLock teamsTeams togetherTeam positionsShared explorationLock speedFull tech treeHidden civsTurbo modeCheats
Victory
Defeat
🇲🇽 Danes · Mexico
620
+2
🇧🇷 Vietnamese · Brazil
389
+4
🇸🇪 Britons · Sweden
111
-3
🇸🇪 Franks · Sweden
111
-3
TheJoker
11:07 Feudal Age
10:31 Loom
14:06 Double-Bit Axe
14:08 Horse Collar
16:49 Gold Mining
16:50 Stone Mining
19:45 Wheelbarrow
19:37 Fletching
19:47 Padded Archer Armor
20:02 Forging
19:57 Scale Barding Armor
23:20 Castle Age
24:25 Bloodlines
24:15 Husbandry
25:03 Heavy Plow
25:19 Bow Saw
25:47 Stone Shaft Mining
30:09 Imperial Age
27:48 Chatras
29:59 Hand Cart
29:53 Bodkin Arrow
31:49 Elite Rattan Archer
35:08 Paper Money
36:55 Two-Man Saw
36:29 Crop Rotation
36:38 Elite Battle Elephant
39:57 Ballistics
40:12 Ballistics
40:01 Bracer
43:47 Caravan
46:09 Iron Casting
45:54 Chain Barding Armor
45:50 Leather Archer Armor
46:59 Crossbowman
47:00 Elite Skirmisher
47:46 Thumb Ring
48:35 Arbalester
48:37 Imperial Skirmisher
roberto0301tu
2:04 Loom
11:40 Feudal Age
13:01 Wheelbarrow
12:31 Horse Collar
14:02 Gold Mining
14:02 Stone Mining
25:45 Castle Age
23:42 Town Watch
27:13 Heavy Plow
27:04 Double-Bit Axe
28:09 Gold Shaft Mining
28:09 Stone Shaft Mining
28:19 Bow Saw
28:41 Hand Cart
28:34 Town Patrol
33:17 Imperial Age
30:58 Caravan
31:29 Coinage
32:31 Fervor
32:56 Light Cavalry
33:47 Bloodlines
33:37 Husbandry
33:48 Thumb Ring
33:17 Heavy Mounted Crossbowman
33:21 Cranequins
34:28 Ballistics
35:09 Chemistry
34:20 Masonry
34:07 Murder Holes
34:17 Siege Engineers
34:04 Guard Tower
34:15 Arrowslits
35:06 Conscription
36:10 Forging
36:00 Scale Mail Armor
35:50 Fletching
36:00 Padded Archer Armor
36:06 Scale Barding Armor
35:26 Man-at-Arms
35:26 Pikeman
35:55 Gambesons
36:14 Squires
36:02 Arson
35:47 Pikeman
36:02 Elite Varangian Guard
36:08 Long Swordsman
36:37 Gambesons
36:54 Arson
37:15 Squires
36:44 Two-Handed Swordsman
36:57 Halberdier
38:29 Iron Casting
37:59 Bodkin Arrow
38:22 Chain Mail Armor
40:58 Hoardings
41:05 Keep
39:55 Elite Jomsviking
39:56 Northmen's Fury
39:57 Hamask
40:10 Hamask
40:22 Crossbowman
40:23 Elite Skirmisher
40:28 Champion
40:35 Capped Ram
42:00 Heavy Scorpion
43:32 Onager
43:42 Siege Ram
45:42 Blast Furnace
45:12 Plate Mail Armor
45:02 Leather Archer Armor
44:51 Bodkin Arrow
45:26 Chain Barding Armor
46:05 Plate Mail Armor
46:26 Siege Onager
47:48 Ring Archer Armor
50:52 Banking
50:38 Devotion
50:59 Sanctity
51:15 Theocracy
51:06 Illumination
50:56 Block Printing
50:52 Redemption
50:35 Heated Shot
50:11 Imperial Skirmisher
50:57 Bracer
51:48 Plate Barding Armor
52:45 Careening
52:46 Clinker Construction
52:56 Shipwright
54:34 Dry Dock
54:37 Carvel Hull
hemba3d
9:23 Feudal Age
26:56 Castle Age
29:50 Double-Bit Axe
33:32 Imperial Age
34:00 Wheelbarrow
35:39 Elite Longbowman
37:21 Hand Cart
40:33 Man-at-Arms
41:30 Caravan
46:28 Man-at-Arms
48:32 Conscription
48:19 Pikeman
49:53 Long Swordsman
51:12 Two-Handed Swordsman
Dan-R-Z
10:11 Feudal Age
20:08 Castle Age
22:07 Double-Bit Axe
23:56 Husbandry
30:52 Imperial Age
31:51 Cavalier
36:32 Scale Barding Armor
37:26 Paladin
44:51 Gold Mining
Connection lost

Rejoining the realm…

Still unreachable

The connection could not be restored.

Session expired

The server has moved on; the page needs a fresh start.